 Dungeon Crawl Stone Soup version 0.30.1-11-g7821555f0a (webtiles) character file.

Game seed: 5964175132470737891

1757 Peloso the Carver (level 8, -1/71 HPs)
             Began as a Minotaur Fighter on Dec 11, 2023.
             Slain by a white imp (2 damage)
             ... on level 5 of the Dungeon.
             The game lasted 00:11:03 (5497 turns).

Peloso the Carver (Minotaur Fighter)                Turns: 5497, Time: 00:11:03

Health: -1/71      AC: 12    Str: 20    XL:     8   Next: 79%
Magic:  7/7        EV: 10    Int:  5    God:
Gold:   193        SH:  5    Dex: 13    Spells: 7/7 levels left

rFire   + . .        a - +1 long sword
rCold   . . .        d - +0 buckler
rNeg    . . .        b - +3 scale mail {rF+}
rPois   .            (helmet restricted)
rElec   .            (no cloak)
rCorr   .            c - +0 pair of gloves
SInv    .            (no boots)
Will    .....        (no amulet) Stlth
                     (no ring)
HPRegen 0.31/turn    (no ring)
MPRegen 0.10/turn

%: no passive effects
@: no status effects
A: horns 2, retaliatory headbutt
a: no special abilities


You were on level 5 of the Dungeon.
You visited 1 branch of the dungeon, and saw 5 of its levels.
You also visited: Sewer and Ossuary.

You collected 193 gold pieces.

Inventory:

Hand Weapons
 a - a +1 long sword (weapon)
Armour
 b - a +3 scale mail of fire resistance (worn)
 c - a +0 pair of gloves (worn)
 d - a +0 buckler (worn)
Jewellery
 f - a ring of willpower
 n - a ring of resist corrosion
Wands
 g - a wand of flame (22)
 m - a wand of roots (24)
Scrolls
 h - 3 scrolls of amnesia
 j - a scroll of brand weapon
 k - 3 scrolls of teleportation
 l - a scroll of magic mapping
Potions
 i - 5 potions of curing
 o - 3 potions of flight
 p - 2 potions of haste
 q - 6 potions of invisibility
 r - a potion of mutation


   Skills:
 + Level 6.4 Fighting
 + Level 9.3 Long Blades
 + Level 7.1 Armour
 + Level 3.3 Dodging
 + Level 1.5 Stealth
 + Level 5.3 Shields


You had 7 spell levels left.
You didn't know any spells.
Your spell library contained the following spells:

 Spells                   Type           Power      Damage    Failure   Level
 Scorch                   Fire           0%         2d5       94%         2
 Static Discharge         Conj/Air       0%         2-2/arc   94%         2
 Vhi's Electric Charge    Tloc/Air       0%         N/A       99%         3
 Airstrike                Air            0%         2d(0-16)  100%        4
 Flame Wave               Conj/Fire      0%         2d4       100%        4
 Summon Lightning Spire   Summ/Air       0%         N/A       100%        4
 Arcjolt                  Conj/Air       0%         1d10      100%        5
 Plasma Beam              Fire/Air       0%         2x1d11    100%        6
 Summon Cactus Giant      Summ           0%         N/A       100%        6


Dungeon Overview and Level Annotations

Branches:
Dungeon (5/15)              Sewer (visited)         Ossuary (visited)
 Temple: D:4-7

Altars:

Annotations:
D:3 1 runed translucent door, Peloso's ghost, amateur MiFi


Innate Abilities, Weirdness & Mutations

You have a pair of horns on your head.
You reflexively headbutt those who attack you in melee.


Message History

The ogre hits you with a +0 giant club!
* * * LOW HITPOINT WARNING * * *
You hit the ogre.
You kill the ogre!
The white imp gestures at you. The puff of frost hits you.
* * * LOW HITPOINT WARNING * * *
The white imp gestures at you.
The puff of frost hits you but does no damage.
Things that are here:
a +0 giant club; an ogre corpse You hit the white imp.
The white imp is heavily wounded.
The white imp lashes its tail.
The white imp hits you but does no damage.
You hit the white imp but do no damage.
The white imp is heavily wounded.
The white imp closely misses you.
You hit the white imp but do no damage.
The white imp is heavily wounded.
You block the white imp's attack.
You closely miss the white imp.
The white imp is heavily wounded.
The white imp hits you but does no damage.
You barely miss the white imp.
The white imp is heavily wounded.
You block the white imp's attack.
You hit the white imp but do no damage. Your headbutt misses the white imp.
The white imp is heavily wounded.
The white imp gestures at you. The puff of frost misses you.
You hit the white imp but do no damage.
The white imp is heavily wounded.
The white imp hits you but does no damage.
You hit the white imp but do no damage.
The white imp is heavily wounded.
The white imp hits you.
* * * LOW HITPOINT WARNING * * *
The white imp freezes you.
You die...

..##.................
...........##...#......#
..........###...####....
#.........##......# ...
#..........##.....##.#
#...........##.......#
##....###............#
...............>..##.##
................@..[..#
.#.............#.5...##
##.........#.....#.......
#.........##.##..###......
##.........#.###.# #..#..#
#.#.........# #... ..# ..
#............ ..... ### .
..#......... ......
..#...#...). ..5


You could see a white imp.

Vanquished Creatures
  A troll (D:5)
  Eustachio (D:4)
  Edmund (D:4)
  Duvessa (D:4)
  An ice beast (D:5)
  An ogre (D:5)
  A centaur (D:5)
  A phantom (D:5)
  3 kobold brigands (Sewer)
  An elf zombie (Ossuary)
  Dowan (D:4)
  A centaur zombie (Ossuary)
  A jelly (D:5)
  2 orc priests
  2 hounds (D:5)
  An iguana (D:5)
  Terence (D:2)
  Ijyb (D:5)
  An orc wizard (D:4)
  2 mummies (Ossuary)
  A river rat (Sewer)
  7 adders
  3 adder zombies (Ossuary)
  5 worms
  A dart slug (D:1)
  12 orcs
  4 bats
  8 endoplasms
  5 giant cockroaches
  11 goblins
  11 hobgoblins
  6 jackals
  3 quokkas
  16 ball pythons
  3 frilled lizards
  2 goblin zombies (Ossuary)
  11 hobgoblin zombies (Ossuary)
  2 jackal zombies (Ossuary)
  7 kobolds
  12 kobold zombies (Ossuary)
  2 orc zombies (Ossuary)
  9 rats
  2 rat zombies (Ossuary)
168 creatures vanquished.

Notes
Turn   | Place    | Note
-------+----------+-------------------------------------------
     0 | D:1      | Peloso the Minotaur Fighter began the quest for the Orb.
     0 | D:1      | Reached XP level 1. HP: 19/19 MP: 0/0
   270 | D:1      | Reached XP level 2. HP: 26/27 MP: 1/1
  1053 | D:2      | Reached XP level 3. HP: 32/33 MP: 2/2
  1165 | D:2      | Reached skill level 3 in Long Blades
  1257 | D:2      | Found a faded altar of an unknown god.
  1292 | D:2      | Noticed Terence
  1307 | D:2      | Killed Terence
  1308 | D:2      | Reached skill level 1 in Stealth
  1308 | D:2      | Reached XP level 4. HP: 24/40 MP: 3/3
  1814 | D:3      | You fall into a shaft and drop 1 floor!
  1862 | D:4      | Noticed Duvessa
  1908 | D:3      | Reached skill level 4 in Long Blades
  2089 | D:3      | Found a glowing drain.
  2104 | D:3      | Reached skill level 1 in Dodging
  2104 | D:3      | Reached XP level 5. HP: 28/46 MP: 4/4
  2109 | Sewer    | Entered a sewer
  2272 | Sewer    | Reached skill level 5 in Long Blades
  2592 | Sewer    | Reached XP level 6. HP: 43/53 MP: 5/5
  2597 | Sewer    | Reached skill level 5 in Armour
  3317 | D:3      | Found a runed translucent door.
  3322 | D:3      | Noticed Peloso's ghost (amateur MiFi)
  3385 | D:4      | Noticed Dowan
  3386 | D:4      | Killed Duvessa
  3387 | D:4      | Reached skill level 5 in Fighting
  3387 | D:4      | Reached skill level 6 in Long Blades
  3393 | D:4      | Reached XP level 7. HP: 42/61 MP: 6/6
  3397 | D:4      | Killed Dowan
  3547 | D:4      | Noticed Edmund
  3586 | D:4      | Killed Edmund
  3864 | D:4      | Noticed Eustachio
  3870 | D:4      | Killed Eustachio
  3871 | D:4      | Reached skill level 7 in Long Blades
  4281 | D:5      | Entered Level 5 of the Dungeon
  4320 | D:5      | Reached XP level 8. HP: 32/70 MP: 7/7
  4347 | D:5      | Noticed Ijyb
  4347 | D:5      | Noticed a troll
  4379 | D:5      | Killed a troll
  4380 | D:5      | Reached skill level 8 in Long Blades
  4380 | D:5      | Reached skill level 5 in Shields
  4396 | D:5      | Killed Ijyb
  4418 | D:5      | Found a sand-covered staircase.
  4892 | Ossuary  | Entered an ossuary
  5041 | Ossuary  | Reached skill level 9 in Long Blades
  5488 | D:5      | HP: 2/71 [white imp/puff of frost (6)]
  5497 | D:5      | HP: 1/71 [white imp (3)]
  5497 | D:5      | Slain by a white imp

Illustrated notes

Levels and vault maps discovered:
D:1:      dpeg_arrival_snail, layout_basic, corexii_item_surrounded_by_moat
D:2:      layout_basic, shapermc_ecumenical_altar_mp_ritualfount, uniq_terence
D:3:      layout_basic, ebering_ghost_reflecting_pool,
          cheibrodos_sewer_entry_drain, minivault_11
D:4:      layout_loops_ring, st_stairs_9, uniq_eustachio, uniq_edmund,
          uniq_duvessa
D:5:      layout_cave_pools, minmay_temple_entry_trees, enter_ossuary_5,
          uniq_ijyb

Skill      XL: |  1  2  3  4  5  6  7  8 |
---------------+-------------------------+-----
Armour         | 4 5 6 7 |  7.1
Shields        | 4 5 |  5.3
Fighting       | 4 5 6 |  6.4
Long Blades    | 3 4 5 6 7 9 |  9.3
Stealth        | 1 |  1.5
Dodging        | 1 2 3 |  3.3

Action                     |  1- 3 |  4- 6 |  7- 9 || total
---------------------------+-------+-------+-------++-------
  Melee: Long sword        |   103 |   135 |   230 ||   468
         Headbutt          |    12 |    13 |    49 ||    74
    Use: Scroll            |     2 |    13 |     3 ||    18
         Potion            |     1 |     1 |     4 ||     6
 Armour: Scale mail        |    81 |    76 |   147 ||   304
  Dodge: Dodged            |    58 |    75 |   110 ||   243
  Block: Buckler           |    17 |    26 |    57 ||   100
